AoeStats
← [Massa] Edo

Oasis

508147171Analyzed
2v2 RM · 10d ago on Sep 21, 2026· 42m 36s· 4 players
Game mode
Random Map
Map size
Medium (4 player)
Population
200
Speed
Normal
Resources
Standard
Victory
Conquest
Starting age
Dark Age
Ending age
Imperial Age
RankedLock teamsTeams togetherTeam positionsShared explorationLock speedFull tech treeHidden civsTurbo modeCheats
Victory
Defeat
🇺🇸 Goths · United States
1597
+13
🇺🇸 Mongols · United States
1532
+17
🇧🇷 Vikings · Brazil
1560
-16
🇧🇷 Tupi · Brazil
1514
-14
[Massa] Edo
6:43 Loom
9:28 Feudal Age
9:56 Double-Bit Axe
10:22 Horse Collar
17:57 Castle Age
20:12 Bow Saw
20:55 Heavy Plow
20:46 Gold Mining
20:49 Stone Mining
24:23 Town Watch
28:42 Imperial Age
27:40 Gold Shaft Mining
27:06 Scale Mail Armor
27:16 Forging
28:19 Chieftains
29:58 Conscription
31:02 Two-Man Saw
31:05 Crop Rotation
31:49 Chain Mail Armor
32:10 Iron Casting
33:01 Plate Mail Armor
33:19 Elite Berserk
36:46 Blast Furnace
35:49 Bogsveigar
36:55 Fletching
37:29 Ballistics
38:10 Chemistry
37:06 Murder Holes
38:24 Bodkin Arrow
38:43 Masonry
39:11 Hoardings
40:08 Caravan
41:33 Bracer
tg
10:23 Feudal Age
8:42 Loom
10:27 Feudal Age
14:31 Castle Age
12:44 Horse Collar
12:49 Double-Bit Axe
16:32 Heavy Plow
16:42 Bow Saw
25:06 Wheelbarrow
24:18 Town Watch
25:40 Treadmill Crane
26:21 Ballistics
30:10 Imperial Age
27:11 Champi Runner
27:52 Squires
27:56 Champi Warrior
28:37 Scale Mail Armor
28:50 Fletching
29:07 Gold Mining
29:41 Padded Archer Armor
30:17 Bodkin Arrow
31:04 Bracer
32:34 Hand Cart
33:21 Two-Man Saw
32:56 Gold Shaft Mining
32:12 Stone Mining
32:19 Elite Champi Warrior
33:54 Leather Archer Armor
35:22 Chemistry
34:48 Curare
35:32 Ring Archer Armor
37:29 Stone Mining
38:11 Conscription
40:14 Elite Champi Warrior
LEEEROY JEEENKINS!!!
8:32 Loom
10:18 Feudal Age
14:33 Castle Age
12:46 Double-Bit Axe
13:30 Horse Collar
18:43 Bow Saw
22:12 Wheelbarrow
21:56 Heavy Plow
23:56 Hand Cart
24:02 Hand Cart
24:34 Stone Mining
26:20 Town Watch
26:59 Scale Mail Armor
27:10 Forging
30:24 Imperial Age
27:19 Man-at-Arms
28:01 Squires
28:16 Chain Mail Armor
27:58 Long Swordsman
30:36 Iron Casting
30:15 Masonry
30:30 Gold Mining
31:02 Two-Handed Swordsman
33:16 Blast Furnace
32:29 Anarchy
33:24 Conscription
33:23 Champion
38:18 Onager
40:32 Fletching
The Quadfather
10:43 Feudal Age
14:31 Castle Age
12:34 Horse Collar
13:04 Double-Bit Axe
15:52 Bow Saw
19:00 Heavy Plow
19:40 Loom
21:03 Wheelbarrow
21:18 Town Watch
22:16 Hand Cart
27:28 Imperial Age
24:53 Fletching
25:39 Padded Archer Armor
26:34 Ballistics
26:15 Gold Mining
26:41 Bodkin Arrow
27:09 Thumb Ring
27:50 Leather Archer Armor
28:12 Bracer
29:37 Chemistry
30:22 Parthian Tactics
29:33 Capped Ram
30:46 Bloodlines
32:44 Husbandry
32:18 Elite Mangudai
33:49 Onager
36:02 Drill
36:01 Siege Ram
38:02 Siege Onager
41:41 Siege Engineers
Connection lost

Rejoining the realm…

Still unreachable

The connection could not be restored.

Session expired

The server has moved on; the page needs a fresh start.